 Dungeon Crawl Stone Soup version 0.20-a0-466-gc52d0eb (webtiles) character file.

79828 Kriby the Warrior (level 15, -29/143 HPs)
             Began as a Minotaur Fighter on Jan 13, 2017.
             Was the Champion of Okawaru.
             Killed by Shatter
             ... invoked by Jorgrun
              (91 damage)
             ... on level 2 of the Swamp.
             The game lasted 00:47:55 (24370 turns).

Kriby the Warrior (Minotaur Fighter)               Turns: 24370, Time: 00:47:55

Health: -29/143    AC: 26    Str: 21    XL:     15   Next: 22%
Magic:  19/19      EV:  2    Int:  5    God:    Okawaru [******]
Gold:   662        SH:  0    Dex: 16    Spells: 14/14 levels left

rFire  + + .     SeeInvis +     W - +0 demon blade (elec)
rCold  + . .     Gourm    .     M - +2 ring mail {rF+}
rNeg   + + +     Faith    .     Q - +1 large shield {rC+}
rPois  ∞         Spirit   .     Z - +2 hat {SInv}
rElec  .         Reflect  .     H - +1 cloak {rPois}
rCorr  .         Harm     .     A - +1 pair of gloves {archery}
MR     +....                    k - +2 pair of boots {run}
Stlth  +.........               p - amulet of regeneration
                                q - +6 ring of protection
                                c - ring of protection from fire

@: petrified, very slightly contaminated, invisible, quick
A: retaliatory headbutt, horns 2
a: Heroism, Finesse, Renounce Religion


You were on level 2 of the Swamp.
You worshipped Okawaru.
Okawaru was exalted by your worship.
You were not hungry.

You visited 4 branches of the dungeon, and saw 20 of its levels.
You also visited: Ice Cave.

You collected 1960 gold pieces.
You spent 1298 gold pieces at shops.

Inventory:

Hand Weapons
 I - a +2 great sword of freezing
 J - a +3 scimitar of flaming
 R - a +1 triple sword of holy wrath
 W - a +0 demon blade of electrocution (weapon)
Armour
 k - a +2 pair of boots of running (worn)
 A - a +1 pair of gloves of archery (worn)
 H - a +1 cloak of poison resistance (worn)
 M - a +2 ring mail of fire resistance (worn)
 Q - a +1 large shield of cold resistance (worn)
 Y - a +2 plate armour of cold resistance
 Z - a +2 hat of see invisible (worn)
Jewellery
 c - a ring of protection from fire (left hand)
 p - an amulet of regeneration (around neck)
 q - a +6 ring of protection (right hand)
 E - an uncursed ring of positive energy
 K - an uncursed ring of positive energy
 P - an uncursed ring of poison resistance
Wands
 x - a wand of iceblast (2/15)
 N - a wand of enslavement (11/24)
 T - a wand of iceblast (9/15)
Scrolls
 b - 5 scrolls of enchant armour
 h - 3 scrolls of fog
 i - 10 scrolls of recharging
 j - 3 scrolls of magic mapping
 o - 4 scrolls of amnesia
 s - 6 scrolls of remove curse
 u - a scroll of identify
 y - a scroll of fear
 O - a scroll of silence
 V - a scroll of teleportation
Potions
 d - 4 potions of might
 e - 6 potions of heal wounds
 g - 3 potions of berserk rage
 m - 3 potions of cure mutation
 n - 2 potions of curing
 w - 2 potions of haste
 B - 5 potions of resistance
 C - 2 potions of mutation
 D - a potion of flight
 G - a potion of beneficial mutation
 L - a potion of brilliance
 S - a potion of magic
 U - a potion of agility
Miscellaneous
 t - a phial of floods
Comestibles
 a - a royal jelly
 f - 10 bread rations
 l - 9 beef jerkies
 r - 8 fruits
 v - 6 meat rations
 z - a slice of pizza


   Skills:
 - Level 15.7 Fighting
 - Level 15.3 Long Blades
 + Level 13.5 Armour
 + Level 15.5 Dodging
 * Level 3.9 Shields
 + Level 7.2 Invocations


You had 14 spell levels left.
You didn't know any spells.

Dungeon Overview and Level Annotations

Branches:
Dungeon (10/15)            Temple (0/1) D:6            Lair (6/6) D:10
  Swamp (2/4) Lair:2        Snake (0/4) Lair:3          Orc (2/2) D:9
    Elf (0/3) Orc:2
  Slime: Lair:5-6

Altars:
Cheibriados
Elyvilon
Fedhas
Kikubaaqudgha
Okawaru
Trog
Xom
Beogh

Shops:
D:6 :[!![   D:7 (   Orc:2 [((=

Annotations:
Lair:5 exclusion: oklob plant
Swamp:2 Jorgrun


Innate Abilities, Weirdness & Mutations

You reflexively headbutt those who attack you in melee.
You have a pair of horns on your head.


Message History

You are very lightly contaminated with residual magic.
Your limbs are stiffening.
A tyrant leech and an insubstantial wisp come into view.
You catch the helpless insubstantial wisp completely off-guard!
You slash the insubstantial wisp! You headbutt the insubstantial wisp.
You destroy the insubstantial wisp!
Okawaru accepts your kill.
You have turned to stone.
Jorgrun gestures wildly while chanting.
The dungeon rumbles around Jorgrun!
You shudder from the earth-shattering force.
Ouch! That really hurt!
Ka-crash!
You hear a horrible gurgling sound!
You hear an angry buzzing noise. x4
Jorgrun barely misses you. Jorgrun hits you but does no damage.
Jorgrun casts a spell.
The dungeon rumbles around Jorgrun!
You shudder from the earth-shattering force.
Ouch! That really hurt!
You die...

≈.. .≈≈≈......≈. ≈≈...
.!(.≈.>..≈≈. ♣.≈.≈♣
♣♣♣v.≈≈≈.≈≈≈≈.
≈.≈♣≈♣♣w≈..≈≈≈≈≈≈≈≈≈
♣≈.≈.♣♣≈..≈≈≈≈≈≈≈≈≈
♣♣≈≈≈≈≈...≈≈≈≈≈≈≈≈≈.
♣≈≈≈≈≈..≈..≈≈≈≈≈≈≈..
♣♣..≈≈≈♣≈..≈g≈≈≈≈≈...
♣♣ .≈≈..≈§.≈♣≈≈≈@.....♣
♣≈
♣♣♣♣..≈.♣♣♣≈♣≈≈...≈≈♣
♣♣ ♣♣..≈≈.♣♣♣♣♣≈≈♣≈♣♣ ♣
♣≈.≈≈≈≈...♣♣♣♣♣≈.♣
♣≈≈≈≈≈≈)..≈.≈≈..≈♣ ≈.
♣♣≈≈≈§≈..♣.≈≈...≈♣ ≈.
♣♣♣.≈≈≈≈..≈.....♣ ≈..
♣♣..≈≈≈.≈≈...≈♣♣ ♣♣♣♣♣♣
≈≈≈.♣
♣♣...≈≈≈≈....≈♣♣♣♣.≈≈≈≈


You could see Jorgrun, a tyrant leech (wandering) and an insubstantial wisp.

Vanquished Creatures
  An Ice Fiend (IceCv)
  A thorn hunter (Swamp:1)
  Kirke (Lair:4)
  2 orc warlords
  4 hydras
  4 catoblepae
  Erica (Lair:2)
  A two-headed ogre (D:8)
  The ghost of dondy the Carver, a journeyman FoFi of Hepliaklqana (D:10)
  17 death yaks
  3 alligators
  3 orc high priests (Orc:2)
  2 swamp dragons (Swamp:1)
  4 orc sorcerers
  A cyclops (Orc:2)
  2 manticores (Lair:6)
  4 black mambas
  14 elephants
  3 ice statues (IceCv)
  6 komodo dragons
  17 spiny frogs
  10 ice devils (IceCv)
  4 rime drakes
  An anaconda simulacrum (IceCv)
  A golden dragon simulacrum (IceCv)
  A hornet (Swamp:2)
  A polar bear (Lair:3)
  A tyrant leech (Swamp:1)
  3 trolls
  11 dream sheep
  14 hippogriffs
  A bog body (Swamp:1)
  9 blink frogs
  A dire elephant simulacrum (IceCv)
  3 hogs (Lair:4)
  A wyvern (Lair:4)
  38 yaks
  A spriggan (Swamp:2)
  2 humans (Lair:4)
  A hungry ghost (D:8)
  5 harpy simulacra (IceCv)
  2 wargs
  An iron troll simulacrum (IceCv)
  An insubstantial wisp (Swamp:2)
  2 nagas (Lair:3)
  6 swamp worms (Swamp:1)
  A hydra simulacrum (IceCv)
  15 water moccasins
  12 porcupines
  A sky beast (D:6)
  44 orc warriors
  2 swamp drakes (Swamp:1)
  3 phantoms
  17 ogres
  3 wolves
  6 centaurs
  17 crocodiles
  A big kobold (D:7)
  10 bullfrogs
  A scorpion (D:5)
  3 killer bees (D:10)
  5 wights (D:10)
  6 electric eels (Lair:2)
  2 bullfrog zombies
  A quasit (D:6)
  6 crimson imps
  20 orc wizards
  6 hounds
  12 orc priests
  2 centaur skeletons
  2 jellies
  Jessica (D:3)
  2 iguanas
  Terence (D:2)
  4 worker ants
  A mummy (D:4)
  A howler monkey zombie (D:5)
  A worker ant zombie (D:7)
  3 gnolls (D:8)
  10 adders
  2 shadow imps
  An ooze (D:2)
  A worm (D:9)
  A dart slug (D:1)
  5 leopard geckos
  95 orcs
  4 giant cockroaches
  13 goblins
  5 hobgoblins
  3 jackals (D:7)
  4 quokkas
  A ball python (D:4)
  9 bats
  6 frilled lizards
  A hobgoblin zombie (D:4)
  11 kobolds
  2 kobold zombies (D:4)
  An orc zombie (D:4)
  A quokka skeleton (D:9)
  5 rats
  A briar patch (Swamp:1)
607 creatures vanquished.

Vanquished Creatures (others)
  A spriggan druid (Swamp:1)
  A tyrant leech (Swamp:1)
  2 swamp worms (Swamp:2)
  An orc wizard (Orc:2)
  A bush (Lair:5)
  13 fungi
  14 plants
33 creatures vanquished.

Grand Total: 640 creatures vanquished

Notes
Turn   | Place    | Note
-------+----------+-------------------------------------------
     0 | D:1      | Kriby the Minotaur Fighter began the quest for the Orb.
     0 | D:1      | Reached XP level 1. HP: 19/19 MP: 0/0
   209 | D:1      | Reached skill level 1 in Dodging
   308 | D:1      | Reached XP level 2. HP: 26/26 MP: 1/1
   769 | D:2      | Reached XP level 3. HP: 24/31 MP: 2/2
  1335 | D:2      | Noticed Terence
  1345 | D:2      | Killed Terence
  1345 | D:2      | Reached XP level 4. HP: 23/39 MP: 3/3
  1961 | D:3      | Noticed Jessica
  1968 | D:3      | Killed Jessica
  2062 | D:3      | Found an iron altar of Okawaru.
  2064 | D:3      | Found a bloodstained altar of Trog.
  2110 | D:3      | Became a worshipper of Warmaster Okawaru
  2155 | D:3      | Reached XP level 5. HP: 42/45 MP: 4/4
  2258 | D:3      | Found a faded altar of an unknown god.
  2382 | D:4      | Noticed an ogre
  2391 | D:4      | Killed an ogre
  2391 | D:4      | Reached skill level 5 in Dodging
  2657 | D:4      | Reached XP level 6. HP: 46/51 MP: 5/5
  3113 | D:4      | Found an ancient bone altar of Kikubaaqudgha.
  3113 | D:4      | Found a blossoming altar of Fedhas.
  3210 | D:4      | Reached * piety under Okawaru
  3210 | D:4      | Reached skill level 5 in Long Blades
  3264 | D:5      | Entered Level 5 of the Dungeon
  3277 | D:5      | Reached XP level 7. HP: 57/57 MP: 6/6
  3680 | D:5      | Reached ** piety under Okawaru
  3930 | D:5      | Reached XP level 8. HP: 25/64 MP: 7/7
  4610 | D:6      | Found a staircase to the Ecumenical Temple.
  4631 | D:6      | Found Jukhi's Book Emporium.
  4737 | D:6      | Found Efonui's Distillery.
  4743 | D:6      | Reached *** piety under Okawaru
  4748 | D:6      | Bought a potion of mutation for 32 gold pieces
  4748 | D:6      | Bought a potion of degeneration for 13 gold pieces
  4748 | D:6      | Bought 2 potions of heal wounds for 130 gold pieces
  4748 | D:6      | Bought a potion of heal wounds for 65 gold pieces
  4995 | D:6      | Found Ypseufebb's Distillery.
  5065 | D:6      | Found Inuriroan's Armour Shoppe.
  5396 | D:6      | Found Barghy's Antique Armour Boutique.
  5790 | D:7      | Found Rukes's Antique Weapon Shoppe.
  5864 | D:7      | Reached skill level 10 in Dodging
  5868 | D:7      | Found a shimmering altar of Xom.
  6018 | D:7      | Reached XP level 9. HP: 53/70 MP: 8/8
  6622 | D:8      | Noticed a two-headed ogre
  6632 | D:8      | Killed a two-headed ogre
  6632 | D:8      | Reached **** piety under Okawaru
  6632 | D:8      | Reached skill level 5 in Fighting
  7045 | D:8      | Reached skill level 5 in Armour
  7795 | D:9      | Found a staircase to the Orcish Mines.
  7883 | D:9      | Found a bloodstained altar of Trog.
  8018 | D:9      | Found a white marble altar of Elyvilon.
  8477 | D:9      | Found a snail-covered altar of Cheibriados.
  8563 | D:10     | Entered Level 10 of the Dungeon
  8754 | D:10     | Reached XP level 10. HP: 83/86 MP: 9/9
  8891 | D:10     | Noticed dondy's ghost (journeyman FoFi)
  8902 | D:10     | Killed dondy's ghost
  9270 | D:10     | Reached skill level 10 in Long Blades
  9293 | D:10     | Reached ***** piety under Okawaru
  9358 | D:10     | Found a staircase to the Lair.
  9503 | D:10     | Found a blossoming altar of Fedhas.
  9624 | Lair:1   | Entered Level 1 of the Lair of Beasts
  9731 | Lair:1   | Noticed a spiny frog
  9733 | Lair:1   | Killed a spiny frog
  9947 | Lair:1   | Noticed a spiny frog
  9951 | Lair:1   | Killed a spiny frog
 10512 | Lair:2   | Noticed Erica
 10521 | Lair:2   | Killed Erica
 10521 | Lair:2   | Received a gift from Okawaru
 10521 | Lair:2   | Reached skill level 10 in Fighting
 10521 | Lair:2   | Reached XP level 11. HP: 92/99 MP: 10/10
 11270 | Lair:2   | Found a staircase to the Swamp.
 12019 | Lair:3   | Found a staircase to the Snake Pit.
 12240 | Lair:3   | Reached ****** piety under Okawaru
 12271 | Lair:3   | Received a gift from Okawaru
 12882 | Lair:4   | Noticed Kirke
 12905 | Lair:4   | Killed Kirke
 12905 | Lair:4   | Reached XP level 12. HP: 99/113 MP: 11/11
 13491 | Lair:4   | Noticed a four-headed hydra
 13499 | Lair:4   | Killed a four-headed hydra
 13499 | Lair:4   | Reached skill level 10 in Armour
 14189 | Lair:5   | Received a gift from Okawaru
 15049 | Lair:5   | Noticed a death yak
 15051 | Lair:5   | Noticed a death yak
 15052 | Lair:5   | Noticed a death yak
 15054 | Lair:5   | Noticed a death yak
 15056 | Lair:5   | Noticed a death yak
 15079 | Lair:5   | Killed a death yak
 15083 | Lair:5   | Killed a death yak
 15083 | Lair:5   | Received a gift from Okawaru
 15083 | Lair:5   | Reached XP level 13. HP: 77/123 MP: 4/12
 15899 | Lair:6   | Entered Level 6 of the Lair of Beasts
 15910 | Lair:5   | Reached skill level 1 in Invocations
 15916 | Lair:5   | Received a gift from Okawaru
 18290 | Lair:6   | Received a gift from Okawaru
 18734 | Lair:6   | Reached XP level 14. HP: 93/133 MP: 16/16
 19111 | Lair:6   | Received a gift from Okawaru
 19278 | Lair:6   | Reached skill level 5 in Invocations
 19646 | Orc:1    | Entered Level 1 of the Orcish Mines
 20259 | Orc:2    | Entered Level 2 of the Orcish Mines
 20259 | Orc:2    | Noticed an orc warlord
 20265 | Orc:2    | Reached skill level 15 in Fighting
 20289 | Orc:1    | HP: 4/135 [orc warlord/broad axe of chopping (4)]
 20305 | Orc:1    | Killed an orc warlord
 21214 | Orc:2    | Received a gift from Okawaru
 21481 | Orc:2    | Found a roughly hewn altar of Beogh.
 21500 | Orc:2    | Found Weatis's Antique Weapon Emporium.
 21530 | Orc:2    | Reached skill level 15 in Dodging
 21672 | Orc:2    | Noticed an orc warlord
 21682 | Orc:2    | Killed an orc warlord
 21911 | Orc:2    | Found a roughly hewn altar of Beogh.
 21961 | Orc:2    | Found a roughly hewn altar of Beogh.
 21964 | Orc:2    | Found Ciohunig's Jewellery Boutique.
 21969 | Orc:2    | Bought an uncursed amulet of regeneration for 450 gold pieces
 21985 | Orc:2    | Found a roughly hewn altar of Beogh.
 22043 | Orc:2    | Found a staircase to the Elven Halls.
 22163 | Orc:2    | Found a roughly hewn altar of Beogh.
 22315 | Orc:2    | Found Vubaim's Antique Weapon Shoppe.
 22316 | Orc:2    | Found a roughly hewn altar of Beogh.
 22317 | Orc:2    | Found Gulucuofyu's Antique Armour Emporium.
 22330 | Orc:2    | Bought a pair of runed gloves for 304 gold pieces
 22330 | Orc:2    | Bought a pair of runed boots for 304 gold pieces
 22352 | Orc:2    | Identified a +2 pair of boots of running (You bought it in a shop on level 2 of the Orcish Mines)
 22509 | Swamp:1  | Entered Level 1 of the Swamp
 22710 | Swamp:1  | Found a frozen archway.
 22718 | IceCv    | Entered an ice cave
 22740 | IceCv    | Reached skill level 15 in Long Blades
 23103 | IceCv    | Noticed an Ice Fiend
 23114 | IceCv    | Killed an Ice Fiend
 23114 | IceCv    | Reached XP level 15. HP: 45/141 MP: 11/19
 23707 | Swamp:1  | Noticed a thorn hunter
 23716 | Swamp:1  | Killed a thorn hunter
 24132 | Swamp:2  | Received a gift from Okawaru
 24355 | Swamp:2  | Noticed Jorgrun
 24370 | Swamp:2  | Killed from afar by Jorgrun

Vault maps used:
D:1:      nicolae_arrival_somewhat_less_tricky_arrival
D:2:      first_bread, st_stairs_10, minmay_quantized, uniq_terence
D:3:      chequers_temple_overflow_statue_of_worship,
          chequers_ecumenical_altar_twisty, uniq_jessica
D:4:      cheibrodos_helix_gallery, grunt_temple_overflow_growth_and_decay,
          minmay_mini_ossuary
D:6:      serial_shops, nicolae_shop_behind_doors, kennysheep_mini_moat,
          shop_statue, shop, nicolae_shop_behind_doors
D:7:      xom_teletrap_fun, serial_shops, shop, grunt_ogre_cave
D:9:      elyvilon_altar_1, basic_altar, hangedman_abyss_or_decor_stabs,
          chei_slow_surprise
D:10:     minmay_stone_box, lair_entry_dummy,
          hangedman_abyss_or_decor_lesser_grid, fedhas_altar_4
Lair:2:   minmay_swamp_entry_eels, serial_bayou_pond_e, st_stairs_4,
          minivault_26, infiniplex_staircase_pool_2, uniq_erica
Lair:3:   guppyfry_snake_entry_island, minivault_27, serial_bayou_shore_b,
          grunt_megastairs_5
Lair:4:   beast_lair_carwin_8, uniq_kirke
Lair:5:   minmay_slime_entry_oklob_enclosed, lemuel_fruit_fields,
          serial_bayou_shore_b, lemuel_fruit_fields
Lair:6:   evilmike_catoblepas_cave, serial_bayou_pond_e
Swamp:1:  portal_ice_cave_entry_pillars_four, hangedman_swamp_lotus
Swamp:2:  cheibrodos_swamp_sealed, evilmike_swamp_ruin_house_3, swamp_pool3,
          infiniplex_staircase_pool, uniq_frances, uniq_jorgrun, uniq_nikola
Orc:2:    grunt_orc_community_town_hall, grunt_orc_community_big_house_2,
          grunt_orc_community_big_house_2, grunt_orc_community_house_3,
          grunt_orc_community_house_3, grunt_orc_community_house_1,
          grunt_orc_community_house_3, grunt_orc_community_house_1,
          grunt_orc_community_house_2
IceCv:    ice_cave_tombish

Skill      XL: |  1  2  3  4  5  6  7  8  9 10 11 12 13 14 15 |
---------------+----------------------------------------------+-----
Dodging        | 1 2 3 4 5 6 8 10 11 12 13 14 15 | 15.5
Long Blades    | 3 4 5 6 8 9 10 11 13 14 15 | 15.3
Fighting       | 7 10 12 13 14 15 | 15.7
Armour         | 5 7 9 10 12 13 | 13.5
Invocations    | 4 6 7 |  7.2
Shields        | |  3.9

Action                   |  1- 3 |  4- 6 |  7- 9 | 10-12 | 13-15 || total
-------------------------+-------+-------+-------+-------+-------++-------
Melee: Long sword        |    63 |   117 |   345 |    27 |       ||   552
       Headbutt          |    11 |    25 |    82 |   120 |   254 ||   492
       Great sword       |       |       |       |   361 |   769 ||  1130
       Scimitar          |       |       |       |     2 |    14 ||    16
       Demon blade       |       |       |       |       |    12 ||    12
       Triple sword      |       |       |       |       |     4 ||     4
Invok: Heroism           |       |       |       |     1 |     7 ||     8
       Finesse           |       |       |       |     1 |     4 ||     5
Evoke: Wand              |       |       |     2 |     4 |     8 ||    14
  Use: Scroll            |       |     3 |     2 |     9 |    13 ||    27
       Potion            |       |     1 |       |     3 |     5 ||     9
 Stab: Invisible         |       |       |       |       |     1 ||     1
  Eat: Chunk             |     1 |     6 |    20 |    20 |    25 ||    72
       Pizza             |       |       |       |     1 |       ||     1
       Beef jerky        |       |       |       |       |     2 ||     2
       Royal jelly       |       |       |       |       |     1 ||     1
Armor: Scale mail        |     4 |       |       |   157 |   220 ||   381
       Ring mail         |    18 |       |       |       |    34 ||    52
       Chain mail        |       |    86 |   205 |    32 |       ||   323
       Plate armour      |       |       |       |       |    95 ||    95
Dodge: Dodged            |    41 |    75 |   193 |   354 |   649 ||  1312
Block: Large shield      |       |       |       |       |     4 ||     4
       Rpst.: Long sword |     9 |    30 |    50 |     4 |       ||    93
       Great sword       |       |       |       |    78 |   187 ||   265
       Scimitar          |       |       |       |       |     2 ||     2
       Demon blade       |       |       |       |       |     1 ||     1
